 Dungeon Crawl Stone Soup version 0.15.2 (webtiles) character file.

988935 magipi the Acrobat (level 27, 0/259 HPs)
             Began as a Deep Dwarf Necromancer on June 30, 2015.
             Was the Champion of Makhleb.
             Slain by Antaeus (14 damage)
             ... on Level 7 of Cocytus on Aug 23, 2015.
             The game lasted 14:01:56 (97683 turns).

magipi the Acrobat (Deep Dwarf Necromancer)        Turns: 97683, Time: 14:01:56

HP   0/259       AC 32     Str 20      XL: 27
MP  31/34        EV 40     Int 26 (27) God: Makhleb [******]
Gold 7845        SH 17     Dex 22 (29) Spells: 12 memorised,  4 levels left

rFire  + + +     SeeInvis +     b - +5 sacred scourge (holy)
rCold  + + +     Clarity  .     X - +6 faerie dragon armour {Int+4}
rNeg   + . .     rCorr    .     c - +2 shield of Resistance {rF+ rC+ MR+}
rPois  .         rRot     .     U - -1 helmet of Pry Metul {rC++ Str+2}
rElec  .         Spirit   .     e - +2 cloak
SustAb .         Warding  .     r - +3 pair of gauntlets of War {Slay+5}
rMut   +         Stasis   .     F - +2 pair of boots {+Jump}
Gourm  .                        q - cursed amulet "Psao" {rMut Slay+3}
MR     +++++                    T - ring of Ashenzari's Pride {Str+3 Dex+4 Int+4 SInv}
                                f - ring of the Castellan {rF++ SInv}

@: agile, about to teleport, frozen, very slightly contaminated,
non-regenerating, hasted, repel missiles, quick, almost entirely resistant to
hostile enchantments, stealthy
A: damage resistance, recharge devices, frail 1, negative energy resistance 1,
sense surroundings 3, slow healing 3
a: Device Recharging, Minor Destruction, Lesser Servant of Makhleb, Major
Destruction, Greater Servant of Makhleb, Renounce Religion, Evoke Jump Attack
}: 10/15 runes: serpentine, barnacled, slimy, silver, abyssal, demonic, glowing,
magical, fiery, dark


You were on level 7 of Cocytus.
You worshipped Makhleb.
Makhleb was exalted by your worship.
You were not hungry.

You visited 14 branches of the dungeon, and saw 69 of its levels.
You visited Pandemonium 4 times, and saw 45 of its levels.
You visited the Abyss 2 times.
You visited 1 bazaar.
You visited 1 Ziggurat, and saw 10 of its levels.
You also visited: Ice Cave and Volcano.

You collected 12956 gold pieces.
You spent 5111 gold pieces at shops.

Inventory:

Hand weapons
 a - a +9 vampiric demon whip
 b - a +5 sacred scourge of holy wrath (weapon)
Missiles
 B - 17 silver javelins (quivered)
 H - 8 throwing nets
Armour
 c - the +2 shield of Resistance (worn) {rF+ rC+ MR+}
   (You found it on level 2 of the Vaults)

   It protects you from fire.
   It protects you from cold.
   It affects your resistance to hostile enchantments.
 e - a +2 cloak (worn)
 r - the +3 pair of gauntlets of War (worn) {Slay+5}
   (You found it on level 10 of the Dungeon)

   It affects your accuracy and damage with ranged weapons and melee attacks
   (+5).
 F - a +2 pair of boots of jumping (worn)
 U - the -1 helmet of Pry Metul (worn) {rC++ Str+2}
   (You found it on level 6 of the Pits of Slime)

   It affects your strength (+2).
   It greatly protects you from cold.
 X - the +6 faerie dragon armour (worn) {Int+4}
   (You took it off the Enchantress on level 2 of the Depths)

   It affects your intelligence (+4).
Magical devices
 x - a wand of disintegration (2)
 C - a wand of polymorph (5)
 W - a wand of digging (7)
 Z - a wand of heal wounds (2)
Comestibles
 d - 19 bread rations
 h - 12 meat rations
Scrolls
 j - 6 scrolls of blinking
 l - 4 scrolls of summoning
 m - 3 scrolls of recharging
 n - 6 scrolls of teleportation
 s - a scroll of fear
 w - 11 scrolls of identify
 J - 5 scrolls of magic mapping
 M - 26 scrolls of remove curse
 N - 11 scrolls of fog
 Q - 4 scrolls of silence
Jewellery
 f - the ring of the Castellan (left hand) {rF++ SInv}
   (You bought it in a shop in a bazaar)

   [ring of see invisible]

   It greatly protects you from fire.
   It enhances your eyesight.
 g - the ring of Dishonour {SustAb Str+4 Int+1}
   (You took it off a deep elf conjurer on level 3 of the Elven Halls)

   [ring of sustain abilities]

   It sustains your strength, intelligence and dexterity.
   It affects your strength (+4).
   It affects your intelligence (+1).
 o - an uncursed ring of positive energy
 p - an uncursed ring of poison resistance
 q - the cursed amulet "Psao" (around neck) {rMut Slay+3}
   (You found it on level 6 of the Pits of Slime)

   [amulet of resist mutation]

   It protects you from mutation.
   It affects your accuracy and damage with ranged weapons and melee attacks
   (+3).
   It has a curse placed upon it.
 t - an uncursed ring of teleportation
 v - the amulet "Twiegush" {Stasis rN+}
   (You found it in Pandemonium)

   [amulet of stasis]

   It prevents you from being teleported, slowed, hasted or paralysed.
   It protects you from negative energy.
 A - a +4 ring of dexterity
 O - the cursed amulet of Steitaoh {Clar Str+1 Dex+3}
   (You found it on level 6 of the Pits of Slime)

   [amulet of clarity]

   It provides mental clarity.
   It affects your strength (+1).
   It affects your dexterity (+3).
   It has a curse placed upon it.
 P - an uncursed amulet of resist corrosion
 T - the ring of Ashenzari's Pride (right hand) {Str+3 Dex+4 Int+4 SInv}
   (You found it on level 8 of a ziggurat)

   [ring of see invisible]

   It affects your strength (+3).
   It affects your intelligence (+4).
   It affects your dexterity (+4).
   It enhances your eyesight.
Potions
 k - 10 potions of restore abilities
 u - 8 potions of agility
 y - a potion of cancellation
 z - 15 potions of curing
 D - 2 potions of berserk rage
 I - 11 potions of heal wounds
 K - 2 potions of cure mutation
 L - 3 potions of porridge
 R - 5 potions of resistance
 S - 6 potions of invisibility
 V - 3 potions of magic
 Y - 5 potions of haste
Books
 E - a book of Air

   Spells                             Type                      Level
   Shock                              Conjuration/Air              1
   Swiftness                          Charms/Air                   2
   *Repel Missiles                    Charms/Air                   2
   *Flight                            Charms/Air                   3
   Static Discharge                   Conjuration/Air              3
   Lightning Bolt                     Conjuration/Air              5
Miscellaneous
 i - a lamp of fire
 G - a phial of floods


   Skills:
 + Level 24.6 Fighting
   Level 20.0(20.4) Axes
 - Level 8.0(14.4) Maces & Flails
 - Level 13.0 Throwing
 + Level 23.2 Armour
 + Level 24.9 Dodging
 - Level 5.0 Stealth
 - Level 15.0 Shields
 - Level 10.4 Spellcasting
 - Level 13.4 Charms
 - Level 7.4 Necromancy
 - Level 17.0 Translocations
 - Level 10.0 Invocations
 - Level 14.0 Evocations


You had 4 spell levels left.
You knew the following spells:

 Your Spells              Type           Power        Failure   Level  Hunger
a - Apportation           Tloc           #######...   0%          1    None
b - Blink                 Tloc           N/A          0%          2    None
c - Vampiric Draining     Necr           ######....   1%          3    None
d - Animate Dead          Necr           N/A          1%          4    None
e - Control Undead        Necr           ######....   1%          4    None
f - Flight                Chrm/Air       #####.....   1%          3    None
h - Haste                 Chrm           ######..     2%          6    #####..
i - Phase Shift           Tloc           #######...   1%          5    ###....
j - Control Teleport      Chrm/Tloc      #######...   1%          4    None
k - Summon Butterflies    Summ           ##......     4%          1    None
m - Repel Missiles        Chrm/Air       #####.       1%          2    None
B - Controlled Blink      Tloc           N/A          3%          7    #######


Dungeon Overview and Level Annotations

Branches:
Dungeon (15/15)            Temple (1/1) D:4             Orc (4/4) D:10
    Elf (3/3) Orc:3          Lair (8/8) D:8          Shoals (5/5) Lair:6
  Snake (5/5) Lair:4        Slime (6/6) Lair:8       Vaults (5/5) D:14
  Crypt (3/3) Vaults:3       Tomb (0/3) Crypt:3      Depths (5/5) D:15
   Hell (1/1)                 Dis (0/7) Hell            Geh (0/7) Hell
    Coc (7/7) Hell            Tar (0/7) Hell            Zot (1/5) Depths:5

Altars:
Ashenzari
Cheibriados
Dithmenos
Elyvilon
Fedhas
Kikubaaqudgha
Makhleb
Nemelex Xobeh
Okawaru
Qazlal
Sif Muna
Trog
Vehumet
Xom
Yredelemnul
Zin
The Shining One
Beogh
Jiyva
Lugonu

Shops:
D:7 %   D:10 }%(=   Orc:4 =(*[   Shoals:1 [   Shoals:5 [   Snake:5 =
Vaults:1 =   Vaults:2 (:   Depths:3 *

Portals:
Hell: Depths:1 Depths:2 Depths:3 Depths:4 Depths:5
Abyss: Depths:1 Depths:4
Pandemonium: Depths:2 Depths:3 Depths:5*
Ziggurat: Depths:3
Trove: Depths:3 (give wand of hasting (9))

Annotations:
Lair:2 exclusion: hydra
Crypt:2 exclusion: curse skull
Crypt:3 exclusion: curse skull
Depths:5 exclusion: death drake
Coc:7 Antaeus


Innate Abilities, Weirdness & Mutations

You are resistant to damage.
You can recharge devices by infusing magical energy.
You resist negative energy.
You passively map a large area around you.
You do not heal naturally.
You are frail (-10% HP).

Vault maps used:
D:1:      dpeg_arrival_water_fire, minmay_misc_feat_iff
D:2:      first_bread, uniq_iyjb
D:3:      led_sif_book, grunt_temple_overflow_open, okawaru_metal_pillars_3,
          uniq_crazy_yiuf_cottage
D:4:      minmay_temple_entry_junction2, lightli_corner_chamber
D:6:      guppyfry_early_elven_hall
D:7:      gammafunk_temple_overflow_pools, serial_shops, shop
D:8:      david_lair_shrubbed, uniq_erolcha, uniq_duvessa
D:10:     david_orc_1_choice, serial_shops, nicolae_shop_window_shopping, shop,
          nicolae_shop_behind_doors, shop, nicolae_shop_trees, enter_bailey_3,
          blue_anna_alchemist, uniq_joseph
D:11:     uniq_josephine, uniq_urug
D:12:     uniq_fannar
D:13:     evilmike_ruin_ashenzari
D:14:     lightli_vaults_fourway_checkpoint, serial_bayou_lagoon_a,
          roderic_filled_cross
D:15:     hangedman_depths_entry_try_elsewhere_first, hex_medium, serial_glass,
          glass_columns_c, glass_columns_b, grunt_dithmenos_smoke
Temple:   circular_temple_12
Orc:1:    basic_altar
Orc:2:    mines1_david, uniq_erica
Orc:3:    basic_altar, nicolae_orc_pool_cavern, uniq_nergalle, uniq_sonja,
          uniq_donald, uniq_gastronok
Orc:4:    st_orc_congregation
Elf:1:    eino_elf_arrival_customs
Elf:2:    uniq_snorg, uniq_kirke
Elf:3:    minmay_elf_hall_spiked
Lair:1:   serial_bayou_lake_a
Lair:2:   infiniplex_staircase_pool
Lair:4:   dummy_snake_entry
Lair:5:   patterned_corridor, infiniplex_staircase_pool_2
Lair:6:   minmay_shoals_entry_lonely_mermaid, lemuel_fruit_fields,
          lemuel_fruit_fields
Lair:7:   nicolae_volcano_entry_s_turn, minivault_25
Lair:8:   hangedman_lair_in_review, guppyfry_lair_end_dragon, slime_altar_1,
          wad_woods_06
Shoals:1: serial_shops, shop
Shoals:3: lightli_airlock
Shoals:4: nicolae_shoals_aquamancer_cove
Shoals:5: serial_shops, shop_fountains, shoals_end_simple, shoal_ilsuiw
Snake:1:  lemuel_fruit_tree
Snake:2:  uniq_aizul, uniq_vashnia
Snake:4:  portal_ice_cave_entry_ugly_swarm, uniq_norris
Snake:5:  snake_pit, serial_shops, shop, spider_trap, st_stairs_14,
          grunt_megastairs_2, uniq_jorgrun
Slime:3:  basic_altar
Slime:5:  hangedman_slime_spill
Vaults:1: grunt_vaults_hallway_short, v_rooms_5, vaults_standard_mumra_lines,
          vaults_mumra_lcd, nicolae_vaults_twisting_passages, v_misc_11,
          vaults_dpeg_diagonal, v_misc_13, hangedman_vaults_trim, serial_shops,
          shop
Vaults:2: nicolae_vaults_circle_grid_a, v_alt_pattern_4, grunt_vaults_swirl,
          ontoclasm_vaults_chip, v_misc_2, nicolae_vaults_little_squares_2,
          grunt_vaults_twisty, vaults_standard_mumra_x, hangedman_vaults_stream,
          ontoclasm_vaults_ring_large, nicolae_vaults_murderbox,
          nicolae_vaults_ring_of_whatevers, vaults_room_semicircle,
          vaults_dpeg_encased_lava, serial_shops, nicolae_shop_behind_doors,
          shop
Vaults:3: nicolae_vaults_windows_and_doors_thing, hangedman_vaults_locks,
          v_misc_26, vaults_room_stairs_pillars, minmay_crypt_entry_simple_box,
          vaults_room_hallway, vaults_room_pools, basic_altar
Vaults:4: v_misc_29, nicolae_vaults_little_squares_1,
          nicolae_vaults_little_squares_3, vaults_room_grid, v_misc_13,
          hangedman_vaults_stretched_pinwheel, v_misc_31, ontoclasm_vaults_chip,
          ontoclasm_vaults_shuriken
Vaults:5: uniq_margery, uniq_jory
Crypt:1:  pandoras_box_mu, grunt_crypt_arrival_guarded_gate
Crypt:2:  crypt_curse_skull_rare
Crypt:3:  quadcrypt_mu
Depths:1: hell_entry, grunt_decor_arrowhead, abyss_entry_flame_altar,
          serial_bayou_pond_a, kennysheep_generic_room_15, uniq_wiglaf
Depths:2: spriggan_forest, hell_entry, pan_entry
Depths:3: hangedman_screamer, enter_ziggurat_d, pan_entry, serial_shops,
          shop_statue, minmay_door_square, enter_trove_1,
          grunt_hell_entry_demonic_statue, kennysheep_crisscross
Depths:4: evilmike_lava_path, serial_shops, freezing_bzr, abyss_entry,
          hell_entry, corexii_corridor_pit, uniq_xtahua
Depths:5: lemuel_castle_with_subvaults, serial_column_ruins,
          column_ruins_portal_squares, column_ruins_hut_ruined,
          column_ruins_grid_3, column_ruins_open_tiny, column_ruins_open_medium,
          column_ruins_open_medium, column_ruins_open_tiny,
          grunt_pan_entry_zigzag, hell_entry, minmay_librarian
Coc:7:    coc_hangedman
Abyss:2:  minivault_28
Abyss:3:  evilmike_abyss_rune_acolytes_2
Pan:      nicolae_pan_diamonds, evilmike_mini_pan_branches,
          evilmike_mini_pan_branches, rand_demon_5, pan_blood_fountain_small,
          evilmike_mini_pan_corner, nicolae_pan_lom_lobonic_1, rand_demon_9,
          nicolae_pan_sigil_obb, mnoleg, evilmike_holy_pan,
          evilmike_mini_pan_corridor, evilmike_mini_pan_layers,
          pan_blood_fountain_small, nicolae_pan_sigil_uleosi, rand_demon_5,
          pan_blood_fountain_small, rand_demon_1, evilmike_mini_pan_layers,
          grunt_pan_sceptre, lemuel_draining_boxes, pan_blood_fountain,
          grunt_pan_sceptre, lemuel_hellion_island, pan_blood_fountain_small,
          nicolae_pan_mnolegish_2, nicolae_pan_door_chamber,
          pan_blood_fountain_2, cerebov_grunt, grunt_pan_zigzag,
          grunt_pan_in_and_out, enter_ziggurat_pan_d, nicolae_pan_double_arrow,
          enter_ziggurat_pan_a, evilmike_mini_pan_layers, rand_demon_5,
          pan_blood_fountain_2, evilmike_mini_pan_doors, rand_demon_1,
          pan_blood_fountain_2, pan_blood_fountain_small,
          evilmike_mini_pan_thingy, grunt_pan_in_and_out,
          pan_blood_fountain_small, rand_demon_1, rand_demon_9, rand_demon_8,
          nicolae_pan_sigil_itan, nicolae_pan_lom_lobonic_2,
          evilmike_mini_pan_corridor, gloorx_vloq, nicolae_pan_sigil_uleosi,
          nicolae_pan_mnolegish_3, nicolae_pan_glass_arcs, rand_demon_7,
          nicolae_pan_cerebovesque_3, lom_lobon_grunt, rand_demon_4,
          enter_ziggurat_pan_c, nicolae_pan_cerebovesque_2, evilmike_mini_pan_T,
          grunt_pan_zigzag, evilmike_mini_pan_pillars_b, enter_ziggurat_pan_c,
          evilmike_mini_pan_thingy, evilmike_mini_pan_pillars_b,
          nicolae_pan_cerebovesque_1, grunt_pan_spiral, pan_blood_fountain,
          evilmike_mini_pan_diamond, grunt_pan_frozen_over,
          pan_blood_fountain_2, pan_blood_fountain_small
Zig:6:    ziggurat_pillar_centre_c
Zig:7:    ziggurat_loot_2
Zig:8:    ziggurat_loot_2
Bazaar:   bazaar_minmay_row
IceCv:    ice_cave_caverns_02
Volcano:  volcano_pools


Message History

Antaeus is lightly wounded.
You are engulfed in freezing vapours.
You resist.
You hit Antaeus but do no damage.
Antaeus is lightly wounded.
You are engulfed in freezing vapours.
You resist.
You whack Antaeus!
Antaeus convulses.
Antaeus is lightly wounded.
An Ice Fiend comes into view.
Drink which item? (? for menu, Esc to quit)
You feel agile all of a sudden. Antaeus completely misses you.
You block Antaeus' attack.
You whack the Ice Fiend!
The Ice Fiend convulses.
The Ice Fiend is lightly wounded.
The Ice Fiend calls on the powers of darkness!
Your body is wracked with pain!
You whack the Ice Fiend!
The Ice Fiend convulses.
The Ice Fiend is moderately wounded.
Antaeus throws ice at you. The flash freeze hits you! You partially resist.
You are encased in ice.
You barely miss the Ice Fiend.
The Ice Fiend is moderately wounded.
Unknown command.
You hit the Ice Fiend but do no damage.
The Ice Fiend is moderately wounded.
You block the Ice Fiend's attack. x2
You thrash the Ice Fiend!!
The Ice Fiend convulses!
The Ice Fiend is heavily wounded.
You block Antaeus' attack. Antaeus completely misses you.
You whack the Ice Fiend!
The Ice Fiend convulses!!
The Ice Fiend is almost dead.
You hit the Ice Fiend but do no damage.
The Ice Fiend is almost dead.
The Ice Fiend completely misses you. x2
You hit the Ice Fiend.
The Ice Fiend convulses.
The Ice Fiend is almost dead.
Antaeus hits you!!!
* * * LOW HITPOINT WARNING * * *
Antaeus freezes you. You resist. Antaeus completely misses you.
You barely miss the Ice Fiend.
The Ice Fiend is almost dead.
You barely miss the Ice Fiend.
The Ice Fiend is almost dead.
The Ice Fiend claws you. The Ice Fiend freezes you. You resist.
* * * LOW HITPOINT WARNING * * *
The Ice Fiend claws you. The Ice Fiend freezes you. You resist.
* * * LOW HITPOINT WARNING * * *
You thrash the Ice Fiend!!
You kill the Ice Fiend!
Makhleb accepts your kill.
You feel a little better. Antaeus hits you! Antaeus freezes you! You resist.
Antaeus hits you but does no damage.
Unknown command.
You whack Antaeus!
Antaeus convulses.
Antaeus is lightly wounded.
The ice encasing you melts away.
A blizzard demon comes into view.
You whack the blizzard demon!
The blizzard demon convulses!!
The blizzard demon is heavily wounded.
Unknown command.
Read which item? (? for menu, Esc to quit)
As you read the scroll of teleportation, it crumbles to dust.
You feel strangely unstable. Antaeus throws ice at you.
The flash freeze hits you! You partially resist.
* * * LOW HITPOINT WARNING * * *
You are encased in ice.
You block the blizzard demon's attack.
The blizzard demon completely misses you.
Unknown command.
You whack Antaeus!
Antaeus convulses!
Antaeus is lightly wounded.
You barely miss Antaeus.
Antaeus is lightly wounded.
You block Antaeus' attack. Antaeus completely misses you.
You hit Antaeus but do no damage.
Antaeus is lightly wounded.
The blizzard demon hits you but does no damage.
The blizzard demon barely misses you.
You whack Antaeus!
Antaeus convulses!
Antaeus is lightly wounded.
You hit Antaeus but do no damage.
Antaeus is lightly wounded.
Antaeus closely misses you. Antaeus hits you!
* * * LOW HITPOINT WARNING * * *
Antaeus freezes you. You resist.
* * * LOW HITPOINT WARNING * * *
You whack Antaeus!
Antaeus convulses!
Antaeus is lightly wounded.
You block the blizzard demon's attack. x2
You hit Antaeus but do no damage.
Antaeus is lightly wounded.
You thrash Antaeus!!
Antaeus convulses!
Antaeus is lightly wounded.
Antaeus hits you!!
* * * LOW HITPOINT WARNING * * *
Antaeus freezes you! You resist.
* * * LOW HITPOINT WARNING * * *
Antaeus hits you!!
You die...

≈
≈.#.....#.≈≈≈....≈≈≈≈≈≈≈≈≈≈≈
*
≈.*########.≈.####.≈≈≈≈≈≈≈≈≈
* ##.#....#.≈≈≈≈≈≈≈ ,,, ,
##......#.≈ ≈≈ ≈ , , * , ,,,
#........# ≈ * * #...#....#.
≈ ≈≈≈ ,, , #.......#.≈ ≈ ,*
*, , ,* #...#....# ≈≈ ≈ , ,
,* , #@C......# * , ,
##2.....#.≈≈≈ ≈ ≈* , ,
*##.#....#.≈≈≈ *, * * **
#.≈.####.≈≈≈ ≈ ≈ ≈, ,
,#.≈≈≈....≈≈≈≈ ≈≈ ≈ ≈ ,
C.#.≈≈≈≈≈≈≈≈≈≈ ≈≈
,.....#.≈≈≈≈≈≈≈ ≈ ≈ ,
#.#...#.≈≈≈≈≈≈ ≈ ≈ ≈ ≈ *
.,....#.≈≈≈≈≈ ≈ ≈*


You could see Antaeus and a blizzard demon.

Table legend:
 A = Kills in this place as a percentage of kills in entire the game.
 B = Kills by you in this place as a percentage of kills by you in the entire game.
 C = Kills by friends in this place as a percentage of kills by friends in the entire game.
 D = Other kills in this place as a percentage of other kills in the entire game.
 E = Experience gained in this place as a percentage of experience gained in the entire game.
 F = Experience gained in this place divided by the number of levels of this place that you have seen.
                   A       B       C       D       E      F
               +-------+-------+-------+-------+-------+----------------------
         Total | 100.0 | 100.0 | 100.0 | 100.0 | 100.0 | 17729.5
       Dungeon |  12.4 |  12.4 |  12.0 |  16.7 |   3.2 | 4965.5
  Orcish Mines |   7.9 |   7.6 |  10.6 |   5.6 |   1.0 | 5943.0
   Elven Halls |   2.8 |   2.9 |   1.6 |   5.6 |   3.9 | 29878.0
          Lair |   6.5 |   5.3 |  15.7 |   0.0 |   2.0 | 5863.1
        Shoals |   4.2 |   3.3 |  11.0 |   0.0 |   3.6 | 16841.4
     Snake Pit |   6.3 |   5.4 |  13.0 |   0.0 |   5.2 | 24048.2
    Slime Pits |   2.6 |   3.0 |   0.0 |   0.0 |   3.4 | 13240.2
        Vaults |  11.9 |  11.4 |  16.1 |   5.6 |  15.1 | 70158.8
         Crypt |   4.7 |   5.2 |   1.0 |  11.1 |   5.9 | 45552.3
        Depths |  11.5 |  10.5 |  19.1 |   5.6 |  13.7 | 63477.6
          Hell |   2.7 |   3.1 |   0.0 |   0.0 |   3.4 | 79553.0
       Cocytus |   6.5 |   7.4 |   0.0 |  16.7 |   7.2 | 23770.9
           Zot |   0.1 |   0.2 |   0.0 |   0.0 |   0.4 | 8844.0
         Abyss |   1.1 |   1.2 |   0.0 |   0.0 |   1.0 | 5518.0
   Pandemonium |  15.7 |  17.9 |   0.0 |  27.8 |  28.6 | 14738.7
      Ziggurat |   1.4 |   1.6 |   0.0 |   5.6 |   1.9 | 4479.2
      Ice Cave |   1.3 |   1.4 |   0.0 |   0.0 |   0.5 | 11721.0
       Volcano |   0.2 |   0.2 |   0.0 |   0.0 |   0.1 | 2421.0
               +-------+-------+-------+-------+-------+----------------------

Vanquished Creatures
  Cerebov (Pan)
  the royal jelly (Slime:6)
  Mnoleg (Pan)
  4 ancient liches
  the Serpent of Hell (Coc:7)
  Margery (Vaults:4)
  Norris (Snake:4)
  4 golden dragons
  Geryon (Hell)
  A profane servitor (Pan)
  Jory (Vaults:5)
  Xtahua (Depths:4)
  the Enchantress (Depths:2)
  3 Brimstone Fiends (Pan)
  16 pandemonium lords (Pan)
  3 Hell Sentinels (Pan)
  7 tentacled monstrosities
  Vashnia (Snake:2)
  6 Shadow Fiends (Pan)
  17 Ice Fiends
  A quicksilver dragon (Vaults:5)
  3 titans
  2 deep elf blademasters (Elf:3)
  2 deep elf master archers (Elf:3)
  19 acid blobs
  5 liches
  2 storm dragons
  10 daevas (Pan)
  5 blood saints (Pan)
  5 ancient champions
  5 sphinxes
  24 Executioners (Pan)
  Kirke (Elf:2)
  10 shadow dragons (Vaults:5)
  A fire giant (Depths:2)
  8 tengu reavers
  6 greater nagas
  Ilsuiw (Shoals:4)
  5 draconian monks (Depths:5)
  29 balrugs (Pan)
  2 orc warlords (Orc:4)
  7 chaos champions (Pan)
  Donald (Orc:3)
  Wiglaf (Depths:1)
  2 iron dragons
  A draconian scorcher (Depths:5)
  8 azure jellies
  11 frost giants
  13 deep elf sorcerers
  4 emperor scorpions
  23 cacodemons (Pan)
  Gastronok (Orc:3)
  11 warmongers (Pan)
  19 vault wardens
  8 angels (Pan)
  7 spriggan defenders
  6 corrupters (Pan)
  Jorgrun (Snake:5)
  4 draconian annihilators
  15 reapers
  11 deep elf demonologists
  5 ghouls
  8 war gargoyles
  4 ophanim (Pan)
  6 stone giants
  A salamander firebrand (Hell)
  8 apis (Pan)
  6 vampire knights
  9 very ugly things
  10 lorocyprocas
  2 red draconians
  A grey draconian (shapeshifter) (Depths:2)
  3 black draconians
  5 green draconians
  11 deep elf annihilators
  6 purple draconians
  4 dire elephants
  A white draconian (Depths:5)
  3 pale draconians (Depths:5)
  40 blizzard demons
  2 black suns (Pan)
  11 deep elf death magi
  2 unborn
  43 vault guards
  8 jiangshi
  2 eidola
  Snorg (Elf:2)
  4 merfolk javelineers (Shoals:5)
  12 ettins
  5 fire dragons
  6 merfolk impalers
  14 green deaths
  13 great orbs of eyes
  2 death oozes (Slime:6)
  Josephine (D:11)
  9 rakshasas
  2 minotaurs
  9 ironheart preservers
  4 deep elf high priests
  14 yaktaur captains
  Fannar (D:12)
  2 quicksilver dragon skeletons
  A hydra (shapeshifter) (Crypt:1)
  20 naga warriors
  9 spriggan air magi
  22 ice dragons
  12 monstrous demonspawn (Pan)
  2 sirens
  5 hydras
  2 anacondas
  Erica (Orc:2)
  2 ghost crabs
  5 merfolk aquamancers
  4 death knights
  A satyr (Shoals:4)
  13 centaur warriors
  8 deep troll shamans
  7 deep troll earth magi
  5 vampire magi
  5 orc high priests
  8 ogre magi
  A shock serpent (Snake:1)
  5 tengu warriors
  12 spriggan berserkers
  21 death yaks
  3 thrashing horrors (Abyss:3)
  2 titan zombies
  5 storm dragon zombies
  8 hell hogs
  11 naga sharpshooters
  15 soul eaters
  43 sun demons
  A fire crab (shapeshifter) (Vaults:1)
  Nergalle (Orc:3)
  37 spriggans
  2 iron golems (Hell)
  35 ice devils
  A titan skeleton (Crypt:3)
  A wretched star (Abyss:3)
  A death drake (Depths:5)
  23 hell knights
  2 iron trolls (Depths:4)
  16 deep elf knights
  A quicksilver dragon simulacrum (Coc:5)
  A golden dragon zombie (Hell)
  72 skeletal warriors
  A storm dragon skeleton (Coc:1)
  11 infernal demonspawn (Pan)
  12 shadow wraiths
  Erolcha (D:8)
  8 shadow demons (Pan)
  7 spriggan druids (Depths:2)
  3 salamander mystics
  4 anaconda zombies
  20 deep trolls
  5 cherubim (Pan)
  13 gelid demonspawn (Pan)
  4 giant orange brains
  11 putrid demonspawn (Pan)
  12 flayed ghosts
  34 large abominations
  4 unseen horrors
  12 torturous demonspawn (Pan)
  5 deep elf summoners
  9 sea snakes
  6 hill giants
  2 ice statues
  A ghost moth zombie (Coc:5)
  A silver statue (Zig:9)
  10 naga ritualists
  4 wolf spider zombies
  2 shadow dragon zombies
  12 ironbrand convokers
  4 golden dragon skeletons
  3 orc sorcerers (Orc:4)
  15 hellions
  2 lindwurms (Depths:5)
  11 mana vipers
  18 harpies
  3 anaconda skeletons
  15 griffons
  An iron dragon zombie (Coc:2)
  48 ugly things
  7 deep elf conjurers
  9 necromancers
  A fire giant zombie (Depths:3)
  9 hell beasts
  A faun (shapeshifter) (Depths:4)
  4 red wasps
  7 fauns
  A frost giant zombie (Crypt:3)
  10 cyclopes
  11 orc knights
  6 manticores
  6 shining eyes
  4 shadow dragon skeletons
  2 stone giant zombies
  7 mermaids
  2 moths of wrath (Pan)
  A draconian (shapeshifter) (Depths:3)
  16 elephants
  4 wolf spiders
  A red wasp (shapeshifter) (Vaults:5)
  38 black mambas
  15 salamanders
  2 sphinx skeletons
  A centaur zombie (D:15)
  3 dire elephant zombies
  18 phantasmal warriors
  13 iron devils
  11 vault sentinels
  2 iron dragon skeletons
  3 water nymphs
  2 wizards (Pan)
  A molten gargoyle (Volcano)
  7 fire giant skeletons
  Joseph (D:10)
  5 eyes of devastation
  3 elf zombies
  A guardian serpent (Snake:4)
  26 naga magi
  A stone giant skeleton (Zig:4)
  2 apocalypse crabs (Abyss:3)
  28 sixfirhies
  43 orange demons (Pan)
  10 gargoyles
  12 tormentors
  A torpor snail (Depths:5)
  2 storm dragon simulacra (Coc:7)
  12 spiny frogs
  32 hellwings
  A spriggan skeleton (Zig:1)
  11 demonic crawlers
  A dire elephant skeleton (Coc:7)
  5 titan simulacra
  34 smoke demons
  A kobold demonologist (Vaults:3)
  10 trolls
  A feature mimic (D:10)
  7 komodo dragons
  46 yaktaurs
  6 anaconda simulacra
  A komodo dragon (shapeshifter) (D:15)
  24 freezing wraiths
  3 fire drakes
  A white draconian skeleton (Crypt:1)
  7 deep elf priests
  3 golden dragon simulacra
  2 guardian mummies (Crypt:1)
  2 ancient zymes
  A black draconian skeleton (Coc:5)
  22 merfolk
  11 hydra zombies
  6 efreet
  46 red devils
  3 tengu conjurers
  2 trolls (shapeshifter)
  2 blink frogs
  3 polar bears
  A baby alligator (shapeshifter) (Elf:2)
  27 two-headed ogres
  2 jumping spiders
  85 slime creatures
  24 blue devils
  A fire vortex (Volcano)
  A harpy skeleton (Coc:4)
  A silent spectre (Crypt:1)
  10 hydra skeletons
  5 wind drakes
  2 catoblepas skeletons
  3 bog bodies
  A fire giant simulacrum (Vaults:1)
  An alligator zombie (Coc:5)
  An ettin zombie (Coc:4)
  18 ravens
  13 snapping turtles
  5 boulder beetles
  A wolf spider simulacrum (Hell)
  A fire dragon zombie (Coc:3)
  A redback (shapeshifter) (Depths:5)
  43 flying skulls
  A basilisk (Lair:1)
  11 shadows
  3 tarantellas
  5 starcursed masses (Abyss:3)
  2 ettin skeletons
  6 redbacks
  A spriggan (shapeshifter) (Vaults:3)
  30 ynoxinuls
  5 dire elephant simulacra (IceCv)
  5 elf skeletons
  A trapdoor spider (D:15)
  26 deep elf magi
  6 alligator skeletons
  11 water elementals
  8 fire elementals
  2 wyverns
  38 yaks
  A hill giant zombie (D:14)
  12 vampires
  21 wraiths
  3 fire bats (Abyss:3)
  2 air elementals
  A steam dragon (D:10)
  A hog (Elf:2)
  3 hungry ghosts
  29 vampire mosquitoes
  7 chaos spawn
  25 deep elf fighters
  7 human zombies
  33 centaurs
  2 harpy simulacra (IceCv)
  4 wolves
  An iron troll simulacrum (IceCv)
  A torturous demonspawn zombie (Crypt:2)
  A death yak simulacrum (IceCv)
  6 hippogriffs
  A soldier ant (D:13)
  A mottled dragon (shapeshifter) (Vaults:5)
  2 mottled dragons
  48 nagas
  29 neqoxecs
  7 wargs
  8 small abominations
  5 hell hounds
  7 hydra simulacra
  3 spiny frog zombies
  36 water moccasins
  3 sky beasts
  A tengu skeleton (D:13)
  6 swamp drakes
  44 orc warriors
  A swamp dragon zombie (Coc:1)
  14 yellow wasps
  11 porcupines
  2 spiny frog skeletons
  A ghost crab zombie (Vaults:3)
  An ice beast (shapeshifter) (Vaults:2)
  A black bear (shapeshifter) (Elf:1)
  A spider (shapeshifter) (Vaults:4)
  2 human simulacra
  11 ice beasts
  3 snapping turtle zombies
  A black bear (D:6)
  5 phantoms
  4 necrophages
  46 ogres
  A hog zombie (Crypt:2)
  A hill giant simulacrum (D:11)
  2 alligator simulacra
  4 boggarts (Depths:2)
  6 big kobolds
  A blink frog skeleton (Crypt:1)
  A lost soul (Crypt:3)
  12 crocodiles
  A fire drake skeleton (Crypt:1)
  A brain worm (D:13)
  The ghost of magipi the Firebug, an average TeFE (D:3)
  An octopode zombie (Crypt:1)
  9 giant frogs
  A cyclops zombie (D:11)
  A spiny frog simulacrum (Coc:1)
  An insubstantial wisp (Abyss:3)
  4 scorpions
  A wyvern zombie (D:8)
  A cyclops skeleton (D:14)
  34 jellies
  10 eyes of draining
  A swamp dragon simulacrum (IceCv)
  7 wights
  5 killer bees
  2 electric eels
  A tengu zombie (D:11)
  20 crimson imps
  8 hounds
  Dowan (D:8)
  2 giant frog zombies
  4 quasits
  34 orc priests
  4 draconian simulacra (IceCv)
  5 iron imps
  41 orc wizards
  12 iguanas
  A soldier ant zombie (Crypt:2)
  A human skeleton (Crypt:1)
  8 orange rats
  6 worker ants
  18 sheep
  A wolf simulacrum (IceCv)
  2 centaur simulacra (IceCv)
  2 spriggan simulacra
  Ijyb (D:2)
  A sky beast zombie (D:9)
  4 troll simulacra (IceCv)
  2 ogre skeletons
  6 mummies
  3 ogre simulacra (IceCv)
  A green rat (shapeshifter) (Vaults:5)
  23 adders
  A naga simulacrum (IceCv)
  22 green rats
  2 shadow imps
  A worm (shapeshifter) (Depths:3)
  2 giant mites
  20 white imps
  2 worms
  39 ufetubi
  2 orc zombies
  An adder zombie (Crypt:2)
  A giant eyeball (Pan)
  An ooze (D:1)
  200 orcs
  15 bats
  6 bat skeletons (Depths:2)
  9 giant cockroaches
  27 goblins
  20 hobgoblins
  17 jackals
  11 quokkas
  2 ball pythons (D:3)
  A giant cockroach zombie (Crypt:2)
  3 giant geckos
  3 giant newts
  A giant spore (D:14)
  24 kobolds
  A kobold skeleton (Coc:7)
  3 orc skeletons
  A quokka skeleton (Crypt:2)
  16 rats
  A rat skeleton (D:6)
  A spectral orc (Orc:3)
  11 ballistomycetes
  A bush (Lair:8)
  2 fungi (Lair:8)
  9 grand avatars (Pan)
  11 plants
3808 creatures vanquished.

Vanquished Creatures (collateral kills)
  3 acid blobs (Slime:6)
  A titan (Vaults:5)
  A quicksilver dragon (Vaults:5)
  2 storm dragons (Vaults:5)
  A tengu reaver (Vaults:5)
  2 shadow dragons (Vaults:5)
  2 greater nagas
  2 fire giants
  A frost giant (Depths:3)
  Aizul (Snake:2)
  A deep elf sorcerer (Elf:3)
  3 vault wardens
  A war gargoyle (Vaults:5)
  An emperor scorpion (Depths:5)
  2 very ugly things
  A deep elf demonologist (Vaults:5)
  A stone giant (Depths:4)
  A salamander firebrand (Depths:4)
  A vampire knight (Depths:3)
  A deep elf annihilator (Vaults:5)
  A white draconian (Depths:5)
  A dire elephant (D:15)
  A purple draconian (Depths:5)
  A mottled draconian (Shoals:4)
  A deep elf death mage (Vaults:1)
  2 merfolk javelineers
  3 merfolk impalers
  3 ettins
  2 vault guards
  3 ironheart preservers
  5 yaktaur captains
  A death ooze (Slime:6)
  3 great orbs of eyes
  4 fire dragons
  2 naga warriors (Snake:4)
  3 hydras
  2 anacondas
  2 ice dragons
  2 sirens
  2 centaur warriors
  3 spriggan air magi
  3 ogre magi
  2 deep troll shamans
  A fire crab (Vaults:4)
  9 merfolk aquamancers
  2 deep troll earth magi
  A tengu warrior (Depths:4)
  6 death yaks
  4 spriggan berserkers
  Urug (D:11)
  5 naga sharpshooters
  2 hell knights
  A catoblepas (D:14)
  A sun demon (Depths:3)
  A titan skeleton (Depths:3)
  2 deep elf knights
  9 harpies
  2 skeletal warriors
  9 deep trolls
  2 naga ritualists (Snake:5)
  2 deep elf summoners (Elf:1)
  5 sea snakes
  2 salamander mystics
  An ice devil (Depths:3)
  A hill giant (D:12)
  A flayed ghost (Depths:5)
  2 large abominations (Depths:3)
  A silver statue (Depths:3)
  3 deep elf conjurers
  A necromancer (Depths:5)
  A tengu skeleton (Depths:3)
  An orc sorcerer (Orc:4)
  2 orc knights
  A red wasp (Vaults:5)
  An iron dragon zombie (Depths:3)
  A fire giant zombie (Depths:3)
  4 griffons
  6 manticores
  A cyclops (D:15)
  A mana viper (Snake:3)
  14 ugly things
  A water nymph (Shoals:5)
  2 phantasmal warriors (Vaults:5)
  A wolf spider (Vaults:5)
  3 salamanders
  An elephant (Lair:6)
  9 black mambas
  A mermaid (Shoals:3)
  A guardian serpent (Snake:1)
  A torpor snail (Lair:6)
  2 orange demons
  8 komodo dragons
  2 spiny frogs (Lair:8)
  10 naga magi
  A yaktaur zombie (Vaults:5)
  An iron troll zombie (Depths:4)
  6 yaktaurs
  3 trolls
  4 deep elf priests
  2 fire drakes
  2 freezing wraiths
  A blue devil (Vaults:5)
  A troll (shapeshifter) (Elf:1)
  10 merfolk
  2 tengu conjurers
  3 wind drakes
  5 slime creatures
  3 blink frogs
  2 human zombies (Vaults:5)
  2 two-headed ogres (Vaults:5)
  An ettin zombie (Vaults:5)
  A human simulacrum (Vaults:1)
  A spectral orc (Orc:3)
  4 deep elf magi
  A spriggan zombie (Depths:3)
  2 elf zombies (Vaults:5)
  3 ravens (Depths:2)
  3 deep troll zombies
  2 snapping turtles (Shoals:2)
  2 basilisks (Lair:8)
  2 air elementals
  A flying skull (Vaults:3)
  3 water elementals
  9 spriggans
  3 vampire mosquitoes
  A shadow (D:12)
  A wolf (Lair:7)
  13 yaks
  A naga (shapeshifter) (Vaults:1)
  An electric eel (Lair:8)
  2 hippogriffs
  2 deep elf fighters
  2 hungry ghosts (D:9)
  6 water moccasins
  A putrid demonspawn skeleton (Crypt:1)
  25 nagas
  3 swamp drakes (Lair:8)
  A manticore zombie (D:10)
  9 orc warriors
  A phantom (Crypt:1)
  10 ogres
  An ice beast (D:11)
  5 yellow wasps
  2 centaurs
  3 crocodiles
  Duvessa (D:8)
  A giant frog (Lair:4)
  2 jellies (D:15)
  A wight (D:9)
  A troll skeleton (D:10)
  A hound (Lair:1)
  A crimson imp (D:15)
  9 orc priests
  A giant frog skeleton (D:5)
  An iguana (shapeshifter) (Vaults:5)
  2 quasits
  2 iguanas (Lair:8)
  3 orange rats
  7 orc wizards
  3 worker ants
  6 sheep
  A mummy (D:10)
  2 adders
  4 orc zombies
  17 green rats
  A shadow imp (D:9)
  2 white imps (Depths:3)
  A giant mite (D:6)
  An ufetubus (Depths:5)
  A giant gecko (D:9)
  37 orcs
  A bat skeleton (D:5)
  A giant cockroach (Crypt:1)
  5 hobgoblins
  2 quokkas
  A bat (D:10)
  A giant newt (D:5)
  2 goblins (D:10)
  2 orc skeletons (Orc:4)
  A rat (Orc:3)
  A ballistomycete (D:12)
  4 butterflies (Lair:6)
  2 fungi
  5 plants
546 creatures vanquished.

Vanquished Creatures (others)
  A pandemonium lord (Pan)
  A balrug (Orc:4)
  2 blood saints (Pan)
  2 blizzard demons
  A deep elf high priest (Vaults:5)
  2 very ugly thing skeletons
  A quicksilver dragon skeleton (Vaults:5)
  A skeletal warrior (Coc:4)
  A golden dragon zombie (Depths:5)
  A deep elf knight (Elf:3)
  A naga ritualist (Zig:6)
  A wolf spider zombie (Vaults:3)
  2 shadow dragon zombies (Vaults:5)
  A sphinx zombie (Vaults:2)
  A frost giant zombie (Depths:5)
  3 draconian zombies (Depths:5)
  4 slime creatures (Slime:6)
  4 human skeletons
  2 fire giant skeletons (Depths:3)
  8 drowned souls
  A deep dwarf zombie (Snake:5)
  2 emperor scorpion zombies (Depths:5)
  A gargoyle (Crypt:3)
  2 pale draconian zombies (Depths:5)
  9 death yak zombies
  A white draconian zombie (Depths:5)
  An orange demon (Pan)
  2 green draconian zombies (Depths:5)
  2 purple draconian zombies (Depths:5)
  A black draconian zombie (Depths:5)
  A sea snake zombie (Shoals:1)
  A redback zombie (Vaults:4)
  2 ghoul skeletons
  2 merfolk skeletons
  A hydra zombie (Lair:8)
  A death drake zombie (Depths:5)
  A minotaur skeleton (Depths:3)
  2 red wasp zombies (Vaults:5)
  6 harpy zombies
  A minotaur zombie (Depths:3)
  An anaconda simulacrum (Coc:7)
  3 fire dragon zombies
  3 ugly thing zombies
  A griffon zombie (Shoals:5)
  5 ettin zombies
  A deep elf mage (Elf:1)
  A flying skull (Coc:4)
  A bog body (Coc:7)
  A deep troll skeleton (Depths:3)
  2 ice dragon skeletons (Depths:3)
  A shadow (Crypt:1)
  4 wind drake zombies
  8 black mamba zombies
  A wraith (D:14)
  2 griffon skeletons
  A fire dragon skeleton (Depths:3)
  A ynoxinul (Slime:2)
  2 ettin skeletons
  A neqoxec (Pan)
  A deep elf fighter (Vaults:5)
  6 raven zombies
  11 deep troll zombies
  A naga (Snake:5)
  2 faun zombies
  7 merfolk zombies
  8 tengu zombies
  2 raven skeletons (Depths:2)
  2 spiny frog zombies (Lair:8)
  A water moccasin (Zig:3)
  3 water nymph zombies (Shoals:5)
  5 elf skeletons
  A lindwurm zombie (Depths:5)
  A salamander skeleton (Snake:5)
  A manticore zombie (Shoals:5)
  A spiny frog skeleton (Coc:3)
  A mermaid zombie (Snake:5)
  2 elephant zombies (Lair:8)
  A snapping turtle zombie (Shoals:5)
  12 human zombies
  3 vampire mosquito zombies
  A blink frog skeleton (Lair:5)
  An elephant skeleton (Lair:8)
  A manticore skeleton (Shoals:1)
  A boggart (Depths:2)
  A fire drake zombie (Lair:8)
  5 salamander zombies
  2 centaurs (D:12)
  17 yaktaur zombies
  11 lost souls
  A komodo dragon skeleton (Lair:2)
  3 yaktaur skeletons
  6 water moccasin zombies
  2 warg zombies
  A wyvern zombie (D:11)
  2 cyclops zombies (Depths:2)
  7 yak zombies
  46 naga zombies
  2 polar bear zombies
  A boulder beetle zombie (Vaults:5)
  A killer bee (Vaults:5)
  A polar bear skeleton (Lair:5)
  35 spriggan zombies
  A warg skeleton (D:9)
  4 troll skeletons
  A water moccasin skeleton (Lair:2)
  A wolf zombie (Lair:8)
  6 yak skeletons
  3 hippogriff skeletons
  4 giant frog skeletons
  9 yellow wasp zombies (Depths:2)
  A wolf skeleton (Lair:8)
  18 centaur zombies
  18 elf zombies
  7 two-headed ogre zombies
  A jelly (Zig:7)
  A centaur skeleton (Vaults:2)
  2 porcupine zombies
  A two-headed ogre skeleton (Vaults:5)
  An iron imp (Zig:5)
  5 porcupine skeletons
  19 ogre zombies
  A mottled dragon skeleton (D:12)
  5 ogre skeletons
  A big kobold skeleton (D:8)
  6 crocodile skeletons
  2 hound skeletons
  2 worker ant zombies
  4 swamp drake zombies
  4 white imps
  A shadow imp (Pan)
  A steam dragon skeleton (D:10)
  4 ufetubi
  8 adder skeletons
  An adder zombie (Lair:5)
  2 sheep skeletons
  2 iguana skeletons (Lair:3)
  2 bat skeletons
  A giant cockroach zombie (Crypt:1)
  A giant spore (D:12)
  4 goblin skeletons
  3 goblin zombies
  A green rat skeleton (Lair:1)
  3 green rat zombies (Lair:7)
  2 jackal skeletons (D:5)
  2 kobold skeletons
  3 kobold zombies
  23 orc skeletons
  83 orc zombies
  3 quokka skeletons
  2 rat skeletons
  A rat zombie (D:7)
  A ballistomycete (D:12)
  6 fungi
  16 plants
  13 tentacles
  293 tentacle segments
950 creatures vanquished.

Grand Total: 5304 creatures vanquished

Notes
Turn   | Place    | Note
--------------------------------------------------------------
     0 | D:1      | magipi, the Deep Dwarf Necromancer, began the quest for the Orb.
     0 | D:1      | Reached XP level 1. HP: 15/15 MP: 2/2
     2 | D:1      | Learned a level 1 spell: Animate Skeleton
   350 | D:1      | Reached XP level 2. HP: 20/22 MP: 2/4
  1139 | D:2      | Reached XP level 3. HP: 25/28 MP: 3/6
  1185 | D:2      | Reached skill level 5 in Necromancy
  1199 | D:2      | Learned a level 3 spell: Vampiric Draining
  1508 | D:2      | Reached XP level 4. HP: 34/36 MP: 2/8
  1876 | D:2      | Noticed Ijyb
  1889 | D:2      | Killed Ijyb
  2060 | D:3      | Noticed magipi's ghost (average TeFE)
  2382 | D:3      | Found a bloodstained altar of Trog.
  2390 | D:3      | Found a white marble altar of Elyvilon.
  2430 | D:3      | Found an iron altar of Okawaru.
  2490 | D:3      | Found a deep blue altar of Sif Muna.
  2714 | D:4      | Found a staircase to the Ecumenical Temple.
  2723 | Temple   | Entered the Ecumenical Temple
  2747 | Temple   | Became a worshipper of Makhleb the Destroyer
  2842 | D:4      | Reached XP level 5. HP: 38/42 MP: 7/11
  2967 | D:4      | Noticed a phantom
  3087 | D:4      | Reached skill level 6 in Necromancy
  3124 | D:4      | Noticed an ogre
  3133 | D:4      | Killed an ogre
  3133 | D:4      | Reached skill level 1 in Fighting
  3237 | D:4      | Reached XP level 6. HP: 46/52 MP: 10/15
  3714 | D:5      | Entered Level 5 of the Dungeon
  3968 | D:5      | Acquired Makhleb's first power
  4091 | D:5      | Reached XP level 7. HP: 32/62 MP: 5/18
  4358 | D:5      | Reached skill level 5 in Spellcasting
  5805 | D:6      | Noticed a deep elf fighter
  5822 | D:6      | Killed a deep elf fighter
  5822 | D:6      | Reached XP level 8. HP: 56/73 MP: 13/20
  6423 | D:7      | Found a glowing golden altar of the Shining One.
  6423 | D:7      | Found a shattered altar of Ashenzari.
  6471 | D:7      | Acquired Makhleb's second power
  6471 | D:7      | Reached skill level 5 in Fighting
  6477 | D:7      | Learned a level 4 spell: Animate Dead
  6659 | D:7      | Found Kitwaoc's Food Emporium.
  6939 | D:8      | Noticed Erolcha
  6970 | D:8      | Killed Erolcha
  6970 | D:8      | Reached skill level 7 in Fighting
  7103 | D:8      | Noticed Duvessa
  7104 | D:8      | Noticed Dowan
  7135 | D:8      | Killed Duvessa
  7192 | D:8      | Killed Dowan
  7192 | D:8      | Gained mutation: You passively map the area around you. [level up]
  7192 | D:8      | Reached XP level 9. HP: 75/86 MP: 15/22
  7292 | D:8      | Found a staircase to the Lair.
  7293 | D:8      | Noticed a komodo dragon
  7321 | D:8      | Killed a komodo dragon
  7395 | D:8      | Reached skill level 5 in Dodging
  8022 | D:9      | Noticed a gargoyle
  8134 | D:8      | Learned a level 4 spell: Control Undead
  8197 | D:9      | Acquired Makhleb's third power
  8245 | D:9      | Noticed a two-headed ogre
  8245 | D:9      | Noticed a five-headed hydra
  8269 | D:9      | Killed a two-headed ogre
  8491 | D:10     | Entered Level 10 of the Dungeon
  8625 | D:9      | Reached skill level 8 in Dodging
  8806 | D:10     | Reached skill level 1 in Axes
  8862 | D:10     | Found a staircase to the Orcish Mines.
  9007 | D:10     | Reached XP level 10. HP: 67/94 MP: 0/22
  9563 | D:10     | Reached skill level 5 in Axes
  9928 | D:10     | Acquired Makhleb's fourth power
 10112 | D:10     | Noticed Joseph
 10130 | D:10     | Found Ghei's Jewellery Boutique.
 10133 | D:10     | Bought an uncursed ring of see invisible for 240 gold pieces
 10223 | D:10     | Found Yroem's Assorted Antiques.
 10230 | D:10     | Yroem's Assorted Antiques was a mimic.
 10277 | D:10     | Found Yptod's Food Shop.
 10283 | D:10     | Found Giwkier's Gadget Boutique.
 10336 | D:10     | Found Muttiomm's Antique Weapon Emporium.
 10491 | D:11     | Noticed Josephine
 10764 | Lair:1   | Entered Level 1 of the Lair of Beasts
 10956 | Lair:1   | Reached skill level 9 in Axes
 11248 | Lair:1   | Noticed a seven-headed hydra
 11407 | Lair:1   | Reached skill level 10 in Axes
 11928 | Lair:2   | Reached XP level 11. HP: 67/100 MP: 16/23
 11946 | Lair:2   | Noticed a six-headed hydra
 12141 | Lair:2   | Reached skill level 11 in Axes
 12582 | Lair:1   | Acquired Makhleb's fifth power
 13187 | Lair:3   | Reached skill level 12 in Axes
 13519 | Lair:4   | Found a staircase to the Snake Pit.
 14080 | Lair:5   | Reached skill level 13 in Axes
 14516 | Orc:1    | Entered Level 1 of the Orcish Mines
 14676 | Orc:1    | Found a roughly hewn altar of Beogh.
 15203 | Orc:2    | Reached skill level 14 in Axes
 15568 | Orc:3    | Noticed Sonja
 15569 | Orc:3    | Noticed Gastronok
 15575 | Orc:3    | Noticed Sonja
 15575 | Orc:3    | Sonja changed into Sonja the polar bear
 15590 | Orc:3    | Killed Sonja the polar bear
 15614 | Orc:3    | Found a shimmering altar of Xom.
 15774 | Orc:3    | Killed Gastronok
 15774 | Orc:3    | Reached XP level 12. HP: 89/109 MP: 23/23
 15966 | Orc:2    | Found a roughly hewn altar of Beogh.
 16056 | Orc:2    | Noticed Erica
 16171 | Orc:2    | Killed Erica
 16171 | Orc:2    | Reached skill level 15 in Axes
 16435 | Orc:3    | Found a staircase to the Elven Halls.
 16784 | Orc:3    | Noticed Donald
 16806 | Orc:3    | Killed Donald
 16926 | Orc:3    | Noticed Nergalle
 17025 | Orc:4    | Entered Level 4 of the Orcish Mines
 17195 | Orc:4    | Noticed an orc warlord
 17565 | Lair:3   | Reached skill level 16 in Axes
 17686 | Lair:5   | Reached skill level 1 in Invocations
 17760 | Lair:5   | Reached skill level 5 in Invocations
 18298 | Lair:6   | Found a staircase to the Shoals.
 18620 | Lair:7   | Reached skill level 10 in Invocations
 18666 | Lair:7   | Reached XP level 13. HP: 117/117 MP: 22/25
 18934 | Lair:7   | Found a dark tunnel.
 18939 | Volcano  | Entered a volcano
 19761 | Lair:8   | Entered Level 8 of the Lair of Beasts
 19844 | Lair:8   | Found a viscous altar of Jiyva.
 19844 | Lair:8   | Found a staircase to the Slime Pits.
 19946 | Lair:8   | Reached skill level 10 in Dodging
 20601 | Lair:8   | Reached skill level 10 in Fighting
 21396 | D:10     | Bought an uncursed amulet of clarity for 320 gold pieces
 21396 | D:10     | Bought the ring of Oxerhur {+Fly rC++} for 672 gold pieces
 21497 | D:10     | Bought a wand of polymorph (6) for 104 gold pieces
 21794 | D:9      | Killed a gargoyle
 21916 | D:3      | Killed magipi's ghost
 21973 | D:3      | Noticed Crazy Yiuf
 21974 | D:3      | Noticed Crazy Yiuf
 21974 | D:3      | Crazy Yiuf changed into Crazy Yiuf the scorpion
 21979 | D:3      | Killed Crazy Yiuf the scorpion
 22601 | D:9      | Killed a hydra
 22601 | D:9      | Reached skill level 1 in Armour
 22601 | D:9      | Gained mutation: You resist negative energy. [level up]
 22601 | D:9      | Reached XP level 14. HP: 122/133 MP: 25/25
 22764 | D:11     | Noticed a hill giant
 22774 | D:11     | Killed a hill giant
 22892 | D:11     | Killed Josephine
 23015 | D:11     | Identified the Incunabulum of Changing and the Rocks (You found it on level 11 of the Dungeon)
 23078 | D:11     | Noticed a purple ugly thing
 23094 | D:11     | Killed a purple ugly thing
 23103 | D:11     | Noticed Urug
 23118 | D:11     | Killed Urug
 23118 | D:11     | Reached skill level 5 in Armour
 23947 | D:12     | Noticed Fannar
 23973 | D:12     | Killed Fannar
 24913 | D:13     | Found a shattered altar of Ashenzari.
 25920 | Orc:4    | Killed an orc warlord
 26186 | Orc:4    | Noticed an orc warlord
 26882 | Orc:4    | Reached skill level 17 in Axes
 27015 | Orc:4    | Killed an orc warlord
 27048 | Orc:4    | Paralysed by an orc sorcerer for 5 turns
 27060 | Orc:4    | Found Wouf Ulu's General Store.
 27061 | Orc:4    | Found Hyuw's Jewellery Boutique.
 27062 | Orc:4    | Found Soikuw's Antique Armour Shop.
 27062 | Orc:4    | Found Faned's Antique Weapon Shop.
 27096 | Orc:4    | Bought a cursed amulet of inaccuracy for 30 gold pieces
 27096 | Orc:4    | Bought a cursed ring of loudness for 67 gold pieces
 27112 | Orc:4    | Bought a glowing leather armour for 64 gold pieces
 27112 | Orc:4    | Bought a pair of runed boots for 144 gold pieces
 27112 | Orc:4    | Bought a glowing leather armour for 64 gold pieces
 27112 | Orc:4    | Bought a smoking leather armour for 224 gold pieces
 27149 | Orc:4    | Identified the cursed +0 leather armour "Motienk" {Str+2 Dex+2} (You bought it in a shop on level 4 of the Orcish Mines)
 27174 | Orc:4    | Bought a scroll of magic mapping for 49 gold pieces
 27174 | Orc:4    | Bought a scroll of enchant weapon for 105 gold pieces
 27404 | D:3      | Identified Sif Muna's Papyrus of Orientation
 27408 | D:3      | Learned a level 1 spell: Apportation
 27926 | D:14     | Reached skill level 1 in Translocations
 27926 | D:14     | Reached XP level 15. HP: 133/140 MP: 25/25
 28081 | D:14     | Found a gate to the Vaults.
 28225 | D:14     | Reached skill level 18 in Axes
 28518 | D:15     | Entered Level 15 of the Dungeon
 28607 | D:15     | Found a shadowy altar of Dithmenos.
 29134 | D:15     | Reached skill level 19 in Axes
 29324 | D:15     | Found a staircase to the Depths.
 29717 | D:12     | Your ally Fannar died
 29884 | Orc:4    | Bought an uncursed ring of positive energy for 300 gold pieces
 29884 | Orc:4    | Bought an uncursed amulet of resist corrosion for 300 gold pieces
 29884 | Orc:4    | Bought an uncursed ring of poison resistance for 300 gold pieces
 30205 | Snake:1  | Entered Level 1 of the Snake Pit
 30387 | Snake:1  | Reached skill level 20 in Axes
 30671 | Snake:1  | Reached XP level 16. HP: 87/147 MP: 26/26
 30682 | Snake:1  | Reached skill level 1 in Evocations
 30951 | Snake:2  | Reached skill level 5 in Evocations
 31058 | Snake:2  | Noticed Vashnia
 31110 | Snake:2  | Killed Vashnia
 31434 | Snake:2  | Noticed Aizul
 31470 | Snake:2  | Killed Aizul
 31593 | Snake:2  | Reached skill level 10 in Evocations
 32643 | Snake:4  | Noticed Norris
 32703 | Snake:4  | Found a frozen archway.
 32842 | IceCv    | Entered an ice cave
 33080 | IceCv    | Got a sparkling pewter ring
 33082 | IceCv    | Identified the ring "Justruel" {rN+ Stlth-} (You found it in an ice cave)
 33563 | IceCv    | Learned a level 6 spell: Haste
 33605 | IceCv    | Reached skill level 1 in Charms
 33680 | IceCv    | Noticed an Ice Fiend
 34069 | IceCv    | Killed an Ice Fiend
 34188 | IceCv    | Got a pitted ring mail
 34199 | IceCv    | Identified the +2 ring mail of the Cast Vote {rF+} (You found it in an ice cave)
 34231 | IceCv    | Got a pair of smoking gloves
 34242 | IceCv    | Identified the +3 pair of gloves of the Barber Surgeon {rC+} (You found it in an ice cave)
 34690 | Snake:4  | Reached skill level 5 in Charms
 34796 | Snake:4  | Killed Norris
 34796 | Snake:4  | Reached XP level 17. HP: 82/154 MP: 22/29
 35286 | Shoals:1 | Entered Level 1 of the Shoals
 35712 | Shoals:1 | Found Xiagof's Antique Armour Shoppe.
 35734 | Shoals:1 | Bought a pair of runed boots for 117 gold pieces
 37022 | Shoals:3 | Reached skill level 10 in Charms
 37673 | Shoals:5 | Entered Level 5 of the Shoals
 37918 | Shoals:5 | Noticed Ilsuiw
 39006 | Lair:1   | Killed a seven-headed hydra
 39385 | Snake:5  | Entered Level 5 of the Snake Pit
 39540 | Snake:5  | Noticed Jorgrun
 39632 | Snake:5  | Killed Jorgrun
 39632 | Snake:5  | Gained mutation: You passively map a large area around you. [level up]
 39632 | Snake:5  | Reached XP level 18. HP: 152/163 MP: 28/28
 39723 | Snake:5  | Found Pse Xallanam's Jewellery Emporium.
 39854 | Snake:5  | Your ally Jorgrun died
 40673 | Snake:5  | Got a serpentine rune of Zot
 41688 | Vaults:1 | Entered Level 1 of the Vaults
 42228 | Vaults:1 | Found Kloiggo's Jewellery Emporium.
 42239 | Vaults:1 | Reached skill level 10 in Spellcasting
 43335 | Vaults:2 | Found Pnousm's Antique Weapon Shoppe.
 43358 | Vaults:2 | Found Tematan's Book Shop.
 43361 | Vaults:2 | Bought a book of Minor Magic for 340 gold pieces
 43369 | Vaults:2 | Learned a level 2 spell: Repel Missiles
 43372 | Vaults:2 | Learned a level 2 spell: Blink
 43478 | Vaults:2 | Reached XP level 19. HP: 170/170 MP: 20/30
 43723 | Vaults:2 | Reached skill level 10 in Armour
 44583 | Vaults:3 | Found a staircase to the Crypt.
 45790 | Vaults:3 | Found a deep blue altar of Sif Muna.
 46876 | Vaults:4 | Reached XP level 20. HP: 112/183 MP: 31/31
 47198 | Depths:1 | Entered Level 1 of the Depths
 47447 | Depths:1 | Found a gateway to Hell.
 47516 | Depths:1 | Found a corrupted altar of Lugonu.
 47516 | Depths:1 | Found a one-way gate to the infinite horrors of the Abyss.
 47576 | Depths:1 | Noticed Wiglaf
 47592 | Depths:1 | Killed Wiglaf
 48033 | Depths:2 | Reached skill level 15 in Dodging
 48189 | Depths:2 | Got a twitching sapphire amulet
 48190 | Depths:2 | Identified the amulet "Blye" {-Tele +Rage +Inv rN+ Str-2} (You found it on level 2 of the Depths)
 48391 | Depths:2 | Noticed the Enchantress
 48420 | Depths:2 | Killed the Enchantress
 48422 | Depths:2 | Got a faerie dragon armour
 48428 | Depths:2 | Identified the +6 faerie dragon armour {Int+4} (You took it off the Enchantress on level 2 of the Depths)
 48524 | Depths:2 | Got a steaming cloak
 48535 | Depths:2 | Identified the cursed -3 cloak of the Nexus {+Fly rF++ Int+1 Slay+3} (You found it on level 2 of the Depths)
 49637 | Depths:2 | Found a one-way gate leading to the halls of Pandemonium.
 49658 | Depths:2 | Found a bloodstained altar of Trog.
 50249 | Depths:3 | Found a gateway to a ziggurat.
 50401 | Depths:3 | Gained mutation: You can translocate small distances at will. [potion of beneficial mutation]
 50512 | Depths:3 | Found Pluawavi's Assorted Antiques.
 50753 | Depths:3 | Reached XP level 21. HP: 195/195 MP: 32/32
 50795 | Depths:3 | Reached skill level 5 in Stealth
 51011 | Depths:3 | Found a portal to a secret trove of treasure.
 51499 | Depths:4 | Reached skill level 15 in Armour
 51922 | Depths:4 | Found a gateway to a bazaar.
 51971 | Bazaar   | Entered a bazaar
 51971 | Bazaar   | Found Qivahy's General Store.
 51971 | Bazaar   | Found Gysiysch's Gadget Emporium.
 51974 | Bazaar   | Found Xiotatee's General Store.
 51988 | Bazaar   | Found Ankauch's Jewellery Emporium.
 51997 | Bazaar   | Bought the ring of the Castellan {rF++ SInv} for 276 gold pieces
 51997 | Bazaar   | Bought a cursed -2 ring of evasion for 14 gold pieces
 52016 | Bazaar   | Bought a potion of heal wounds for 33 gold pieces
 52016 | Bazaar   | Bought a scroll of identify for 22 gold pieces
 52016 | Bazaar   | Bought a scroll of acquirement for 572 gold pieces
 52021 | Bazaar   | Bought a scroll of identify for 24 gold pieces
 52021 | Bazaar   | Bought a scroll of brand weapon for 240 gold pieces
 52021 | Bazaar   | Bought 2 potions of curing for 48 gold pieces
 52584 | Depths:4 | Got a jewelled scale mail
 52609 | Depths:4 | Identified the cursed -3 scale mail of Kiong {rC+ Stlth++} (You found it on level 4 of the Depths)
 52796 | Depths:4 | Noticed Xtahua
 52819 | Depths:4 | Killed Xtahua
 53470 | Elf:1    | Entered Level 1 of the Elven Halls
 53894 | Elf:1    | Got a twisted shield
 54265 | Elf:2    | Noticed Snorg
 54280 | Elf:2    | Killed Snorg
 54423 | Elf:2    | Noticed Kirke
 54446 | Elf:2    | Killed Kirke
 54996 | Elf:3    | Entered Level 3 of the Elven Halls
 55167 | Elf:3    | Reached XP level 22. HP: 204/204 MP: 32/32
 56147 | Elf:3    | Got a flickering golden ring
 56403 | Elf:3    | Identified the ring of Dishonour {SustAb Str+4 Int+1} (You took it off a deep elf conjurer on level 3 of the Elven Halls)
 57611 | Elf:3    | Identified Sif Muna's Guide on Fire (You found it on level 3 of the Elven Halls)
 57755 | Elf:3    | Identified The Last Volume of the Greatest Mummy
 58700 | Shoals:4 | Killed Ilsuiw
 58760 | Shoals:5 | Found Qutsaor's Antique Armour Shop.
 58831 | Shoals:5 | Got a sparkling lead ring
 58832 | Shoals:5 | Identified the ring "Noreihiv" {Wiz Dex+3 Int+2} (You found it on level 5 of the Shoals)
 59194 | Shoals:5 | Got a transparent amber ring
 59195 | Shoals:5 | Identified the ring of Wetoxo {+Blink +Fly rF- Stlth+} (You found it on level 5 of the Shoals)
 59485 | Shoals:5 | Got a barnacled rune of Zot
 60003 | Crypt:1  | Entered Level 1 of the Crypt
 60805 | Crypt:1  | Learned a level 5 spell: Dispel Undead
 60814 | Crypt:1  | Learned a level 5 spell: Phase Shift
 61086 | Crypt:2  | Reached skill level 5 in Translocations
 61139 | Crypt:2  | Reached XP level 23. HP: 213/213 MP: 33/33
 61438 | Crypt:2  | Reached XP level 24. HP: 222/222 MP: 33/33
 61823 | Crypt:3  | Entered Level 3 of the Crypt
 62181 | Crypt:3  | Reached skill level 10 in Translocations
 62491 | Crypt:3  | Found a staircase to the Tomb.
 62527 | Crypt:3  | Learned a level 4 spell: Control Teleport
 62712 | Crypt:3  | Cast into the Abyss (hell knight)
 62844 | Crypt:3  | Escaped the Abyss
 63372 | Crypt:3  | Found an ancient bone altar of Kikubaaqudgha.
 63373 | Crypt:3  | Noticed an ancient lich
 63408 | Crypt:3  | Killed an ancient lich
 63418 | Crypt:3  | Noticed an ancient lich
 63458 | Crypt:3  | Killed an ancient lich
 63476 | Crypt:3  | Got a smoking jade ring
 63477 | Crypt:3  | Identified the ring "Pyedgh" {Dex+5 Int+1} (You found it on level 3 of the Crypt)
 63484 | Crypt:3  | Identified the Tome of Companions
 63494 | Crypt:3  | Noticed an ancient lich
 63572 | Crypt:3  | Killed an ancient lich
 64170 | Depths:5 | Entered Level 5 of the Depths
 64490 | Depths:5 | Noticed an ancient lich
 64548 | Depths:5 | Killed an ancient lich
 64548 | Depths:5 | Reached skill level 15 in Translocations
 65477 | D:10     | Killed Joseph
 65594 | Orc:3    | Killed Nergalle
 66120 | Slime:1  | Entered Level 1 of the Pits of Slime
 66137 | Slime:1  | Reached skill level 1 in Maces & Flails
 66314 | Slime:2  | Gained mutation: Your spells are a little easier to cast, but a little less powerful. [a shining eye]
 66513 | Slime:2  | Reached XP level 25. HP: 223/223 MP: 4/34
 66687 | Slime:3  | Found a viscous altar of Jiyva.
 66864 | Slime:4  | Learned a level 7 spell: Controlled Blink
 66904 | Slime:6  | Entered Level 6 of the Pits of Slime
 67285 | Slime:6  | Reached skill level 5 in Maces & Flails
 67492 | Slime:6  | Noticed the royal jelly
 67955 | Slime:6  | Found a viscous altar of Jiyva.
 68249 | Slime:6  | Killed the royal jelly
 68357 | Slime:6  | Got a pair of polished gloves
 68358 | Slime:6  | Identified the cursed -2 pair of gloves of Peek-a-Boo {Stlth+} (You found it on level 6 of the Pits of Slime)
 68409 | Slime:6  | Got a dazzling helmet
 68420 | Slime:6  | Identified the cursed -1 helmet of Pry Metul {rC++ Str+2} (You found it on level 6 of the Pits of Slime)
 68435 | Slime:6  | Identified the Handbook of Shape Shifting
 68444 | Slime:6  | Got a slimy rune of Zot
 68468 | Slime:6  | Got a steaming steel amulet
 68469 | Slime:6  | Identified the amulet of Steitaoh {Clar Str+1 Dex+3} (You found it on level 6 of the Pits of Slime)
 68496 | Slime:6  | Got a twitching ruby amulet
 68497 | Slime:6  | Identified the amulet "Psao" {rMut Slay+3} (You found it on level 6 of the Pits of Slime)
 69171 | Vaults:5 | Entered Level 5 of the Vaults
 69736 | Vaults:5 | Noticed Margery
 69885 | Vaults:4 | Killed Margery
 69885 | Vaults:4 | Reached skill level 15 in Fighting
 70865 | Vaults:5 | Noticed Jory
 70917 | Vaults:5 | Killed Jory
 70992 | Vaults:5 | Got a silver rune of Zot
 71098 | Vaults:5 | Reached XP level 26. HP: 242/242 MP: 34/34
 71715 | Vaults:5 | Learned a level 1 spell: Summon Butterflies
 71933 | Vaults:5 | Got a steaming copper ring
 72666 | Vaults:5 | Identified the ring of Jealousy {Str+3 Dex+3} (You took it off an ironheart preserver on level 5 of the Vaults)
 73223 | Depths:5 | Found a gate to the Realm of Zot.
 73532 | Depths:5 | Got a brightly glowing copper amulet
 73533 | Depths:5 | Identified the amulet of Ziepoiw {rMut -Cast +Inv rF++ Str+1 Int+1} (You found it on level 5 of the Depths)
 73919 | Depths:5 | Got a slimy bronze ring
 74190 | Depths:5 | Identified the ring of Yendor {rF+ Int-3 Stlth-} (You took it off a spriggan air mage on level 5 of the Depths)
 74680 | Pan      | Entered Pandemonium
 74682 | Pan      | Noticed Soehion the pandemonium lord
 74726 | Pan      | Killed Soehion the pandemonium lord
 74894 | Pan      | Found an exit through the horrors of the Abyss.
 75234 | Pan      | Entered the realm of Mnoleg.
 75447 | Pan      | Gained mutation: You tend to lose your temper in combat. [a cacodemon]
 75681 | Pan      | Gained mutation: Armour fits poorly on your strangely shaped body. [a cacodemon]
 75782 | Pan      | Reached XP level 27. HP: 214/271 MP: 34/34
 75992 | Pan      | Noticed Mnoleg
 75997 | Pan      | Gained mutation: You often lose your temper in combat. [a neqoxec]
 76272 | Pan      | Killed Mnoleg
 76272 | Pan      | Reached skill level 21 in Fighting
 76341 | Pan      | Got a glowing rune of Zot
 76970 | Pan      | Reached skill level 1 in Shields
 77317 | Pan      | Reached skill level 5 in Shields
 77443 | Pan      | Found a glowing silver altar of Zin.
 77516 | Pan      | Lost mutation: Armour fits poorly on your strangely shaped body. [potion of cure mutation]
 77516 | Pan      | Lost mutation: Your spells are a little easier to cast, but a little less powerful. [potion of cure mutation]
 77551 | Pan      | Lost mutation: You often lose your temper in combat. [potion of cure mutation]
 77551 | Pan      | Lost mutation: You tend to lose your temper in combat. [potion of cure mutation]
 77551 | Pan      | Lost mutation: You can translocate small distances at will. [potion of cure mutation]
 78065 | Pan      | Noticed Guikkeg the pandemonium lord
 78116 | Pan      | Killed Guikkeg the pandemonium lord
 78346 | Pan      | Reached skill level 22 in Fighting
 78391 | Pan      | Found an exit through the horrors of the Abyss.
 78406 | Depths:5 | Escaped Pandemonium
 78689 | D:10     | Bought a wand of digging (13) for 442 gold pieces
 79676 | Pan      | Entered Pandemonium
 79875 | Pan      | Noticed Yniut the pandemonium lord
 79985 | Pan      | Found an exit through the horrors of the Abyss.
 80037 | Pan      | Noticed Otzutuejo the pandemonium lord
 80158 | Pan      | Killed Otzutuejo the pandemonium lord
 80349 | Pan      | Gained mutation: You are frail (-10% HP). [a cacodemon]
 80376 | Pan      | Noticed Dueplacu the pandemonium lord
 80533 | Pan      | Killed Dueplacu the pandemonium lord
 80649 | Pan      | Reached skill level 23 in Fighting
 81107 | Pan      | Noticed Bregubb the pandemonium lord
 81139 | Pan      | Killed Bregubb the pandemonium lord
 81597 | Pan      | Found an exit through the horrors of the Abyss.
 81654 | Pan      | Reached skill level 1 in Throwing
 81796 | Pan      | Entered the realm of Cerebov.
 81927 | Pan      | Reached skill level 24 in Fighting
 82077 | Pan      | Found an exit through the horrors of the Abyss.
 82146 | Pan      | Noticed Cerebov
 82195 | Pan      | Killed Cerebov
 82195 | Pan      | Reached skill level 5 in Throwing
 82572 | Pan      | Got an ancient graven amulet
 82573 | Pan      | Identified the amulet "Twoircha" {+Rage Str+4} (You found it in Pandemonium)
 82578 | Pan      | Got a heavily runed tin amulet
 82579 | Pan      | Identified the amulet "Twiegush" {Stasis rN+} (You found it in Pandemonium)
 82613 | Pan      | Got a polished plate armour
 82614 | Pan      | Identified the +1 plate armour of Wohooch {rN+} (You found it in Pandemonium)
 82630 | Pan      | Got a fiery rune of Zot
 82698 | Pan      | Took an exit into the Abyss.
 82698 | Abyss:1  | Escaped into the Abyss
 82821 | Abyss:3  | Found a corrupted altar of Lugonu.
 83085 | Abyss:3  | Paralysed by you for 6 turns
 83223 | Abyss:3  | Got an abyssal rune of Zot
 83223 | Abyss:3  | Paralysed by a giant eyeball for 4 turns
 83580 | Depths:5 | Escaped the Abyss
 84846 | Pan      | Entered Pandemonium
 84946 | Pan      | Found an exit through the horrors of the Abyss.
 85508 | Pan      | Found an exit through the horrors of the Abyss.
 85625 | Pan      | Noticed Stilantu the pandemonium lord
 85659 | Pan      | Killed Stilantu the pandemonium lord
 85838 | Pan      | Found a gateway to a ziggurat.
 85870 | Zig:1    | Entered Level 1 of a ziggurat
 85892 | Zig:2    | Entered Level 2 of a ziggurat
 85942 | Zig:3    | Entered Level 3 of a ziggurat
 85986 | Zig:4    | Entered Level 4 of a ziggurat
 86039 | Zig:5    | Entered Level 5 of a ziggurat
 86066 | Zig:5    | Reached skill level 10 in Shields
 86113 | Zig:5    | Identified Sif Muna's Grimoire of Confrontation and Transmutation
 86117 | Zig:5    | Got a pitted hat
 86118 | Zig:5    | Identified the cursed +0 hat "Ghask" {SInv Stlth++} (You found it on level 5 of a ziggurat)
 86122 | Zig:6    | Entered Level 6 of a ziggurat
 86227 | Zig:7    | Entered Level 7 of a ziggurat
 86428 | Zig:8    | Entered Level 8 of a ziggurat
 86614 | Zig:8    | Identified the Disquisition on Transmutation
 86632 | Zig:8    | Got a sparkling silver ring
 86634 | Zig:8    | Identified the ring of Ashenzari's Pride {Str+3 Dex+4 Int+4 SInv} (You found it on level 8 of a ziggurat)
 86650 | Zig:9    | Entered Level 9 of a ziggurat
 86678 | Zig:10   | Entered Level 10 of a ziggurat
 87008 | Pan      | Found an exit through the horrors of the Abyss.
 87180 | Pan      | Noticed Kutiuh the pandemonium lord
 87205 | Pan      | Killed Kutiuh the pandemonium lord
 87427 | Pan      | Noticed Paycauro the pandemonium lord
 87455 | Pan      | Killed Paycauro the pandemonium lord
 87609 | Pan      | Reached skill level 15 in Shields
 87763 | Pan      | Reached skill level 10 in Throwing
 87781 | Pan      | Noticed Otaifou the pandemonium lord
 87805 | Pan      | Killed Otaifou the pandemonium lord
 88125 | Pan      | Noticed Voseon the pandemonium lord
 88144 | Pan      | Killed Voseon the pandemonium lord
 88282 | Pan      | Noticed Ghoptuzu the pandemonium lord
 88422 | Pan      | Killed Ghoptuzu the pandemonium lord
 88470 | Pan      | Entered the realm of Gloorx Vloq.
 88555 | Pan      | Found an exit through the horrors of the Abyss.
 88885 | Pan      | Got a dark rune of Zot
 88976 | Depths:2 | Escaped Pandemonium
 88980 | Pan      | Entered Pandemonium
 89234 | Pan      | Noticed Pyotuif the pandemonium lord
 89263 | Pan      | Killed Pyotuif the pandemonium lord
 89405 | Pan      | Entered the realm of Lom Lobon.
 89632 | Pan      | Found an exit through the horrors of the Abyss.
 89959 | Pan      | Noticed Lom Lobon
 90118 | Pan      | Got a magical rune of Zot
 90513 | Pan      | Found an exit through the horrors of the Abyss.
 90557 | Pan      | Noticed Mnic the pandemonium lord
 90606 | Pan      | Killed Mnic the pandemonium lord
 90787 | Pan      | Found an exit through the horrors of the Abyss.
 90812 | Pan      | Found a gateway to a ziggurat.
 91206 | Pan      | Noticed Qupokhlao the pandemonium lord
 91257 | Pan      | Killed Qupokhlao the pandemonium lord
 91301 | Pan      | Got a warped glass ring
 91304 | Pan      | Identified the ring of the Lives {+Rage rC+ Stlth+} (You took it off a monstrous demonspawn in Pandemonium)
 91463 | Pan      | Noticed Voixeno the pandemonium lord
 91482 | Pan      | Killed Voixeno the pandemonium lord
 91870 | Pan      | Noticed Vuafimim the pandemonium lord
 91890 | Pan      | Killed Vuafimim the pandemonium lord
 92005 | Pan      | Found an exit through the horrors of the Abyss.
 92286 | Pan      | Noticed Vatoth the pandemonium lord
 92326 | Pan      | Killed Vatoth the pandemonium lord
 92356 | Pan      | Got a demonic rune of Zot
 92563 | Depths:2 | Escaped Pandemonium
 92615 | Hell     | Entered the Vestibule of Hell
 92615 | Hell     | Noticed Geryon
 92645 | Hell     | Killed Geryon
 92904 | Hell     | Found a gateway to the decaying netherworld of Tartarus.
 93231 | Hell     | Found a gateway to the freezing wastes of Cocytus.
 93377 | Hell     | Found a gateway to the Iron City of Dis.
 93549 | Hell     | Found a gateway to the ashen valley of Gehenna.
 93782 | Coc:1    | Entered Level 1 of Cocytus
 94693 | Crypt:2  | Learned a level 3 spell: Flight
 95790 | Coc:7    | Entered Level 7 of Cocytus
 96018 | Zot:1    | Entered Level 1 of the Realm of Zot
 96570 | Coc:7    | Noticed the Serpent of Hell
 96602 | Coc:7    | Killed the Serpent of Hell
 97641 | Coc:7    | Noticed Antaeus
 97683 | Coc:7    | Slain by Antaeus

Action                   |  1- 3 |  4- 6 |  7- 9 | 10-12 | 13-15 | 16-18 | 19-21 | 22-24 | 25-27 || total
-------------------------+-------+-------+-------+-------+-------+-------+-------+-------+-------++-------
Melee: Dagger            |    12 |       |       |       |       |       |       |       |       ||    12
       Flail             |    12 |    91 |   183 |       |       |       |       |       |       ||   286
       Hand axe          |       |       |    17 |    87 |       |       |       |       |       ||   104
       Battleaxe         |       |       |       |   438 |   790 |  1694 |  1948 |  1767 |       ||  6637
       War axe           |       |       |       |   264 |   153 |       |       |       |       ||   417
       Broad axe         |       |       |       |       |   495 |       |       |       |       ||   495
       Demon whip        |       |       |       |       |       |       |       |   220 |  4065 ||  4285
       Sacred scourge    |       |       |       |       |       |       |       |       |  4352 ||  4352
 Fire: Blowgun           |       |       |       |    13 |       |    12 |     3 |       |       ||    28
Throw: Javelin           |       |       |       |       |       |     6 |    13 |       |    51 ||    70
       Throwing net      |       |       |       |       |       |       |     1 |     5 |     3 ||     9
 Cast: Pain              |    49 |   108 |   145 |    50 |    18 |       |       |       |       ||   370
       Vampiric Draining |     1 |     6 |    64 |   166 |    49 |    46 |       |       |       ||   332
       Animate Skeleton  |       |    10 |    23 |    68 |    40 |    11 |    12 |    11 |     7 ||   182
       Animate Dead      |       |       |     1 |    31 |    75 |   110 |    97 |    35 |    32 ||   381
       Control Undead    |       |       |     1 |       |       |       |       |       |       ||     1
       Apportation       |       |       |       |       |       |     1 |       |     4 |     5 ||    10
       Haste             |       |       |       |       |       |     1 |    29 |    27 |    66 ||   123
       Repel Missiles    |       |       |       |       |       |     1 |     4 |     7 |    13 ||    25
       Blink             |       |       |       |       |       |       |       |       |     3 ||     3
       Flight            |       |       |       |       |       |       |       |       |     2 ||     2
       Control Teleport  |       |       |       |       |       |       |       |       |     1 ||     1
Invok: Greater Servant o |       |       |       |       |     3 |       |     1 |       |     1 ||     5
       Lesser Servant of |       |       |       |       |       |       |       |     1 |       ||     1
 Abil: Device Recharging |       |       |     1 |     1 |     1 |     2 |       |       |       ||     5
       Evoke Flight      |       |       |       |       |       |     8 |     5 |     5 |       ||    18
       Stop Flying       |       |       |       |       |       |       |     1 |       |       ||     1
       Evoke Teleportati |       |       |       |       |       |       |       |       |     2 ||     2
Evoke: Wand              |       |     2 |     9 |    26 |    32 |    42 |    15 |    10 |    64 ||   200
       Lamp of fire      |       |       |       |       |       |       |       |       |     1 ||     1
  Use: Scroll            |       |     1 |    13 |    22 |    15 |    14 |    12 |    11 |    60 ||   148
       Potion            |       |       |       |     2 |     5 |    10 |     3 |     9 |    19 ||    48
 Stab: Distracted        |       |       |     3 |     9 |    18 |    19 |    25 |     8 |    30 ||   112
       Paralysed         |       |       |    12 |       |       |       |       |       |       ||    12
       Sleeping          |       |       |     1 |    12 |     5 |     1 |     7 |     9 |    15 ||    50
       Petrifying        |       |       |       |       |       |       |       |       |     2 ||     2
       Invisible         |       |       |       |       |       |       |       |       |     1 ||     1
       Held in net/web   |       |       |       |       |       |       |       |       |     1 ||     1
  Eat: Chunk             |     3 |     8 |    20 |    45 |    38 |    12 |    17 |    10 |    11 ||   164
       Beef jerky        |       |       |       |     2 |     2 |     2 |     3 |       |     7 ||    16
       Pizza             |       |       |       |     1 |     2 |     1 |     1 |       |     4 ||     9
       Fruit             |       |       |       |       |     9 |    31 |     9 |     5 |    11 ||    65
       Royal jelly       |       |       |       |       |     2 |       |     1 |     1 |     1 ||     5
       Bread ration      |       |       |       |       |       |     1 |     4 |     3 |     9 ||    17
       Meat ration       |       |       |       |       |       |     3 |     2 |     7 |    14 ||    26

Action                   |  1- 3 |  4- 6 |  7- 9 | 10-12 | 13-15 | 16-18 | 19-21 | 22-24 | 25-27 || total
-------------------------+-------+-------+-------+-------+-------+-------+-------+-------+-------++-------
Melee: Dagger            |    12 |       |       |       |       |       |       |       |       ||    12
       Flail             |    12 |    91 |   183 |       |       |       |       |       |       ||   286
       Hand axe          |       |       |    17 |    87 |       |       |       |       |       ||   104
       Battleaxe         |       |       |       |   438 |   790 |  1694 |  1948 |  1767 |       ||  6637
       War axe           |       |       |       |   264 |   153 |       |       |       |       ||   417
       Broad axe         |       |       |       |       |   495 |       |       |       |       ||   495
       Demon whip        |       |       |       |       |       |       |       |   220 |  4065 ||  4285
       Sacred scourge    |       |       |       |       |       |       |       |       |  4352 ||  4352
 Fire: Blowgun           |       |       |       |    13 |       |    12 |     3 |       |       ||    28
Throw: Javelin           |       |       |       |       |       |     6 |    13 |       |    51 ||    70
       Throwing net      |       |       |       |       |       |       |     1 |     5 |     3 ||     9
 Cast: Pain              |    49 |   108 |   145 |    50 |    18 |       |       |       |       ||   370
       Vampiric Draining |     1 |     6 |    64 |   166 |    49 |    46 |       |       |       ||   332
       Animate Skeleton  |       |    10 |    23 |    68 |    40 |    11 |    12 |    11 |     7 ||   182
       Animate Dead      |       |       |     1 |    31 |    75 |   110 |    97 |    35 |    32 ||   381
       Control Undead    |       |       |     1 |       |       |       |       |       |       ||     1
       Apportation       |       |       |       |       |       |     1 |       |     4 |     5 ||    10
       Haste             |       |       |       |       |       |     1 |    29 |    27 |    66 ||   123
       Repel Missiles    |       |       |       |       |       |     1 |     4 |     7 |    13 ||    25
       Blink             |       |       |       |       |       |       |       |       |     3 ||     3
       Flight            |       |       |       |       |       |       |       |       |     2 ||     2
       Control Teleport  |       |       |       |       |       |       |       |       |     1 ||     1
Invok: Greater Servant o |       |       |       |       |     3 |       |     1 |       |     1 ||     5
       Lesser Servant of |       |       |       |       |       |       |       |     1 |       ||     1
 Abil: Device Recharging |       |       |     1 |     1 |     1 |     2 |       |       |       ||     5
       Evoke Flight      |       |       |       |       |       |     8 |     5 |     5 |       ||    18
       Stop Flying       |       |       |       |       |       |       |     1 |       |       ||     1
       Evoke Teleportati |       |       |       |       |       |       |       |       |     2 ||     2
Evoke: Wand              |       |     2 |     9 |    26 |    32 |    42 |    15 |    10 |    64 ||   200
       Lamp of fire      |       |       |       |       |       |       |       |       |     1 ||     1
  Use: Scroll            |       |     1 |    13 |    22 |    15 |    14 |    12 |    11 |    60 ||   148
       Potion            |       |       |       |     2 |     5 |    10 |     3 |     9 |    19 ||    48
 Stab: Distracted        |       |       |     3 |     9 |    18 |    19 |    25 |     8 |    30 ||   112
       Paralysed         |       |       |    12 |       |       |       |       |       |       ||    12
       Sleeping          |       |       |     1 |    12 |     5 |     1 |     7 |     9 |    15 ||    50
       Petrifying        |       |       |       |       |       |       |       |       |     2 ||     2
       Invisible         |       |       |       |       |       |       |       |       |     1 ||     1
       Held in net/web   |       |       |       |       |       |       |       |       |     1 ||     1
  Eat: Chunk             |     3 |     8 |    20 |    45 |    38 |    12 |    17 |    10 |    11 ||   164
       Beef jerky        |       |       |       |     2 |     2 |     2 |     3 |       |     7 ||    16
       Pizza             |       |       |       |     1 |     2 |     1 |     1 |       |     4 ||     9
       Fruit             |       |       |       |       |     9 |    31 |     9 |     5 |    11 ||    65
       Royal jelly       |       |       |       |       |     2 |       |     1 |     1 |     1 ||     5
       Bread ration      |       |       |       |       |       |     1 |     4 |     3 |     9 ||    17
       Meat ration       |       |       |       |       |       |     3 |     2 |     7 |    14 ||    26

Action                   |  1- 3 |  4- 6 |  7- 9 | 10-12 | 13-15 | 16-18 | 19-21 | 22-24 | 25-27 || total
-------------------------+-------+-------+-------+-------+-------+-------+-------+-------+-------++-------
Melee: Dagger            |    12 |       |       |       |       |       |       |       |       ||    12
       Flail             |    12 |    91 |   183 |       |       |       |       |       |       ||   286
       Hand axe          |       |       |    17 |    87 |       |       |       |       |       ||   104
       Battleaxe         |       |       |       |   438 |   790 |  1694 |  1948 |  1767 |       ||  6637
       War axe           |       |       |       |   264 |   153 |       |       |       |       ||   417
       Broad axe         |       |       |       |       |   495 |       |       |       |       ||   495
       Demon whip        |       |       |       |       |       |       |       |   220 |  4065 ||  4285
       Sacred scourge    |       |       |       |       |       |       |       |       |  4352 ||  4352
 Fire: Blowgun           |       |       |       |    13 |       |    12 |     3 |       |       ||    28
Throw: Javelin           |       |       |       |       |       |     6 |    13 |       |    51 ||    70
       Throwing net      |       |       |       |       |       |       |     1 |     5 |     3 ||     9
 Cast: Pain              |    49 |   108 |   145 |    50 |    18 |       |       |       |       ||   370
       Vampiric Draining |     1 |     6 |    64 |   166 |    49 |    46 |       |       |       ||   332
       Animate Skeleton  |       |    10 |    23 |    68 |    40 |    11 |    12 |    11 |     7 ||   182
       Animate Dead      |       |       |     1 |    31 |    75 |   110 |    97 |    35 |    32 ||   381
       Control Undead    |       |       |     1 |       |       |       |       |       |       ||     1
       Apportation       |       |       |       |       |       |     1 |       |     4 |     5 ||    10
       Haste             |       |       |       |       |       |     1 |    29 |    27 |    66 ||   123
       Repel Missiles    |       |       |       |       |       |     1 |     4 |     7 |    13 ||    25
       Blink             |       |       |       |       |       |       |       |       |     3 ||     3
       Flight            |       |       |       |       |       |       |       |       |     2 ||     2
       Control Teleport  |       |       |       |       |       |       |       |       |     1 ||     1
Invok: Greater Servant o |       |       |       |       |     3 |       |     1 |       |     1 ||     5
       Lesser Servant of |       |       |       |       |       |       |       |     1 |       ||     1
 Abil: Device Recharging |       |       |     1 |     1 |     1 |     2 |       |       |       ||     5
       Evoke Flight      |       |       |       |       |       |     8 |     5 |     5 |       ||    18
       Stop Flying       |       |       |       |       |       |       |     1 |       |       ||     1
       Evoke Teleportati |       |       |       |       |       |       |       |       |     2 ||     2
Evoke: Wand              |       |     2 |     9 |    26 |    32 |    42 |    15 |    10 |    64 ||   200
       Lamp of fire      |       |       |       |       |       |       |       |       |     1 ||     1
  Use: Scroll            |       |     1 |    13 |    22 |    15 |    14 |    12 |    11 |    60 ||   148
       Potion            |       |       |       |     2 |     5 |    10 |     3 |     9 |    19 ||    48
 Stab: Distracted        |       |       |     3 |     9 |    18 |    19 |    25 |     8 |    30 ||   112
       Paralysed         |       |       |    12 |       |       |       |       |       |       ||    12
       Sleeping          |       |       |     1 |    12 |     5 |     1 |     7 |     9 |    15 ||    50
       Petrifying        |       |       |       |       |       |       |       |       |     2 ||     2
       Invisible         |       |       |       |       |       |       |       |       |     1 ||     1
       Held in net/web   |       |       |       |       |       |       |       |       |     1 ||     1
  Eat: Chunk             |     3 |     8 |    20 |    45 |    38 |    12 |    17 |    10 |    11 ||   164
       Beef jerky        |       |       |       |     2 |     2 |     2 |     3 |       |     7 ||    16
       Pizza             |       |       |       |     1 |     2 |     1 |     1 |       |     4 ||     9
       Fruit             |       |       |       |       |     9 |    31 |     9 |     5 |    11 ||    65
       Royal jelly       |       |       |       |       |     2 |       |     1 |     1 |     1 ||     5
       Bread ration      |       |       |       |       |       |     1 |     4 |     3 |     9 ||    17
       Meat ration       |       |       |       |       |       |     3 |     2 |     7 |    14 ||    26
